 Dungeon Crawl Stone Soup version 0.26.0-10-g1f06aea511 (webtiles) character file.

Game seed: 16986701408984010308

264958 nikku the Slayer (level 20, -1/198 HPs)
             Began as a Hill Orc Fighter on Jan 15, 2021.
             Was the Champion of Qazlal.
             Killed by the air
             ... invoked by Sojobo
              (43 damage)
             ... on level 4 of the Vaults.
             The game lasted 02:18:24 (39736 turns).

nikku the Slayer (Hill Orc Fighter)                Turns: 39736, Time: 02:18:24

Health: -1/198     AC: 44    Str: 37    XL:     20   Next: 46%
Magic:  29/32      EV:  7    Int: 16    God:    Qazlal [******]
Gold:   2266       SH: 37    Dex: 13    Spells: 19/19 levels left

rFire    . . .     SeeInvis +   u - +9 broad axe (flame)
rCold    . . .     Faith    .   Q - +0 tower shield
rNeg     + . .     Spirit   .   L - +10 plate armour of Hurif {rPois rCorr Str+3}
rPois    +         Reflect  +   E - +2 helmet
rElec    .         Harm     .   I - +1 cloak
rCorr    +         Rampage  .   S - +2 pair of gloves {Str+3}
Will     +....                  T - +2 pair of boots {Fly}
Stlth    ..........             C - amulet of reflection
HPRegen  0.43/turn              O - ring "Joitator" {Str+3 Int+4 Dex+6 SInv Stlth-}
MPRegen  0.23/turn              P - ring of Ytowk {+Fly rN+ Int+4 Dex-3 Slay+2}

@: protected from physical damage, flying, repel missiles
A: no striking features
}: 1/15 runes: gossamer
a: Stop Flying, Renounce Religion, Upheaval, Elemental Force, Disaster Area


You were on level 4 of the Vaults.
You worshipped Qazlal.
Qazlal was exalted by your worship.
You visited 7 branches of the dungeon, and saw 35 of its levels.
You visited 1 bazaar.
You also visited: Sewer, Ice Cave and Desolation.

You collected 6014 gold pieces.
You spent 3748 gold pieces at shops.

Inventory:

Hand Weapons
 c - the +12 mace of Exoneration {freeze, rElec Will+ SInv}
   (You found it on level 3 of the Swamp)

   It has been specially enchanted to freeze those struck by it, causing extra
   injury to most foes and up to half again as much damage against particularly
   susceptible opponents.
   It can also slow down cold-blooded creatures.
   It insulates you from electricity.
   It affects your willpower, your defense against some magical effects.
   It lets you see invisible.
 k - a +3 broad axe of electrocution
 u - a +9 broad axe of flaming (weapon)
Armour
 e - a scarf of invisibility
 E - a +2 helmet (worn)
 I - a +1 cloak (worn)
 L - the +10 plate armour of Hurif (worn) {rPois rCorr Str+3}
   (You bought it in a shop on level 2 of the Orcish Mines)

   It affects your strength (+3).
   It protects you from poison.
   It provides partial protection from all sources of acid and corrosion.
 Q - a +0 tower shield (worn)
 S - a +2 pair of gloves of strength (worn)
 T - a +2 pair of boots of flying (worn)
Jewellery
 p - an uncursed ring of positive energy
 x - an uncursed amulet of the acrobat
 z - an uncursed amulet of faith
 C - an amulet of reflection (around neck)
 M - an uncursed ring of protection from cold
 O - the ring "Joitator" (left hand) {Str+3 Int+4 Dex+6 SInv Stlth-}
   (You bought it in a shop in a bazaar)

   [ring of dexterity]

   It affects your strength (+3).
   It affects your intelligence (+4).
   It affects your dexterity (+6).
   It lets you see invisible.
   It makes you less stealthy.
 P - the ring of Ytowk (right hand) {+Fly rN+ Int+4 Dex-3 Slay+2}
   (You bought it in a shop in a bazaar)

   [ring of flight]

   It affects your intelligence (+4).
   It affects your dexterity (-3).
   It affects your accuracy and damage with ranged weapons and melee attacks
   (+2).
   It protects you from negative energy.
   It lets you fly.
Wands
 d - a wand of digging (5)
 i - a wand of paralysis (7)
 l - a wand of flame (94)
 F - a wand of iceblast (8)
 G - a wand of acid (7)
Scrolls
 a - 6 scrolls of fog
 b - 6 scrolls of immolation
 h - 15 scrolls of teleportation
 n - 11 scrolls of amnesia
 r - a scroll of torment
 s - 10 scrolls of identify
 B - a scroll of silence
 K - 6 scrolls of blinking
 R - 5 scrolls of magic mapping
 V - a scroll of fear
Potions
 f - 2 potions of invisibility
 g - 3 potions of heal wounds
 j - a potion of cancellation
 m - 17 potions of curing
 o - 10 potions of lignification
 q - 11 potions of ambrosia
 t - 2 potions of mutation
 N - 2 potions of haste
Miscellaneous
 w - a lightning rod (4/4)
 y - a tin of tremorstones (inert)
 A - a tin of tremorstones (inert)
 J - a condenser vane


   Skills:
 * Level 21.4 Fighting
 - Level 20.0 Axes
 - Level 16.5 Armour
 * Level 17.0 Shields
 + Level 17.7 Invocations
 + Level 3.1 Evocations


You had 19 spell levels left.
You didn't know any spells.
Your spell library contained the following spells:

 Spells                   Type           Power        Failure   Level
 Animate Skeleton         Necr           0%           95%         1
 Foxfire                  Conj/Fire      0%           95%         1
 Freeze                   Ice            0%           95%         1
 Magic Dart               Conj           0%           95%         1
 Pain                     Necr           0%           95%         1
 Sandblast                Erth           0%           95%         1
 Blink                    Tloc           N/A          99%         2
 Call Imp                 Summ           0%           99%         2
 Corpse Rot               Necr/Air       N/A          99%         2
 Passwall                 Tmut/Erth      0%           99%         2
 Poisonous Vapours        Pois/Air       0%           99%         2
 Slow                     Hex            0%           99%         2
 Sublimation of Blood     Necr           0%           99%         2
 Swiftness                Air            0%           99%         2
 Conjure Flame            Conj/Fire      0%           100%        3
 Frozen Ramparts          Ice            0%           100%        3
 Ignite Poison            Fire/Tmut/Pois 0%           100%        3
 Inner Flame              Hex/Fire       0%           100%        3
 Mephitic Cloud           Conj/Pois/Air  0%           100%        3
 Ozocubu's Armour         Ice            0%           100%        3
 Static Discharge         Conj/Air       0%           100%        3
 Stone Arrow              Conj/Erth      0%           100%        3
 Vampiric Draining        Necr           0%           100%        3
 Animate Dead             Necr           0%           100%        4
 Dispel Undead            Necr           0%           100%        4
 Hailstorm                Conj/Ice       0%           100%        4
 Passage of Golubria      Tloc           N/A          100%        4
 Petrify                  Tmut/Erth      0%           100%        4
 Sticky Flame             Conj/Fire      0%           100%        4
 Summon Ice Beast         Ice/Summ       0%           100%        4
 Summon Lightning Spire   Summ/Air       0%           100%        4
 Agony                    Necr           0%           100%        5
 Borgnjor's Vile Clutch   Necr/Erth      0%           100%        5
 Excruciating Wounds      Necr           0%           100%        5
 Fireball                 Conj/Fire      0%           100%        5
 Lee's Rapid Deconstruct  Erth           0%           100%        5
 Lightning Bolt           Conj/Air       0%           100%        5
 Invisibility             Hex            0%           100%        6
 Ignition                 Fire           0%           100%        8
 Shatter                  Erth           0%           100%        9
 Tornado                  Air            0%           100%        9


Dungeon Overview and Level Annotations

Branches:
Dungeon (15/15)            Temple (1/1) D:4            Lair (6/6) D:10
  Swamp (3/4) Lair:4       Spider (4/4) Lair:4        Slime (0/5) Lair:5
    Orc (2/2) D:10            Elf (0/3) Orc:2        Vaults (4/5) D:14
  Crypt (0/3) Vaults:3     Depths (0/5) D:15          Sewer (visited)
  IceCv (visited)         Desolation (visited)

Altars:
Ashenzari
Cheibriados
Dithmenos
Elyvilon
Fedhas
Gozag
Hepliaklqana
Kikubaaqudgha
Makhleb
Nemelex Xobeh
Okawaru
Qazlal
Ru
Sif Muna
Trog
Uskayaw
Vehumet
Wu Jian
Xom
Yredelemnul
Zin
The Shining One
Beogh
Jiyva

Shops:
D:8 [   D:12 *(   D:15 [   Orc:2 *([[

Portals:
Hell: Lair:6
Trove: D:13 (give 12 potions of heal wounds)

Annotations:
Orc:2 1 runed translucent door, exclusion: 4 orange crystal statues
Vaults:4 Sojobo


Message History

You feel protected from physical attacks.
Evoke which item? (* to show all) (? for menu, Esc to quit)
The tremorstone explodes into fragments!
The burst of rock shards engulfs Sojobo.
The burst of rock shards engulfs the battlesphere!
The burst of rock shards engulfs the fire giant!
The burst of rock shards engulfs Sojobo!
The burst of rock shards engulfs the tengu reaver but does no damage.
The tin is emptied!
The tengu reaver is struck by lightning.
The fire giant points at you and mumbles some strange words.
The fireball explodes!
The fireball engulfs you!!!
* * * LOW HITPOINT WARNING * * *
Sojobo casts a spell at you. The bolt of lightning hits you!!
* * * LOW HITPOINT WARNING * * *
You feel much better.
Sojobo waves her feathered arms in wide circles.
The air twists around and violently strikes you in flight!!!
You die...

#########
#.....☼.#
#...*.°§#
#.#.....p@#
#.#......☼#
#.#....Q§C#
#.#...QQ..#
##+###.#.z§§°.°#
.......#.......#
.......#.......#
.......'.......#
.......#########


You could see Sojobo (repels missiles), a fire giant, 2 tengu reavers, a death
knight, a skeletal warrior and a battlesphere.

Vanquished Creatures
  Nikola (Swamp:1)
  An acid blob (Lair:5)
  An acid blob (shapeshifter) (D:14)
  Frances (D:12)
  Gastronok (D:9)
  A thorn hunter (Swamp:1)
  3 tengu reavers
  2 fire giants
  The ghost of Ypsiuj the Thaumaturge, an adept GnSk of Makhleb (Swamp:3)
  The ghost of Keoguots the Thaumaturge, an adept GnSk of Makhleb (Swamp:3)
  A storm dragon (Vaults:2)
  5 vault wardens
  The ghost of Qemahefa the Bludgeoner, an adept GrFi of Okawaru (Swamp:3)
  2 imperial myrmidons (Desolation)
  2 orc warlords
  4 ghost moths (Spider:4)
  A ghoul (Vaults:3)
  The ghost of burt the Thaumaturge, a journeyman DrCj of Vehumet (Orc:2)
  The ghost of esper6 the Thaumaturge, a journeyman GnNe of Cheibriados (Swamp:3)
  The ghost of Jaiteiro the Severer, a journeyman MiFi of the Shining One (Lair:3)
  3 emperor scorpions
  4 ironheart preservers
  3 stone giants (Vaults:2)
  Nessos (D:15)
  The ghost of Dracia the Covert, a journeyman GnDe of Okawaru (Lair:2)
  4 bunyips
  5 entropy weavers
  2 spark wasps (Spider:4)
  An eleionoma (Swamp:3)
  2 blizzard demons (IceCv)
  An ettin (D:14)
  A fire dragon (Vaults:2)
  A crystal guardian (Vaults:1)
  A deep elf death mage (Vaults:3)
  3 ragged hierophants (Desolation)
  4 yaktaur captains
  8 ogre magi
  3 servants of whispers
  2 ice dragons
  A peacekeeper (Desolation)
  A rakshasa (Vaults:3)
  4 vault guards (D:14)
  17 hydras
  7 boulder beetles
  3 catoblepae
  7 centaur warriors
  8 alligators
  A queen ant (shapeshifter) (Vaults:1)
  25 two-headed ogres
  2 death knights
  A tengu warrior (D:13)
  2 deep troll earth magi
  An orc high priest (Orc:2)
  A spriggan berserker (Swamp:2)
  3 deep elf knights
  13 spriggans
  A vampire mage (Vaults:3)
  A sun demon (Lair:6)
  Sonja (Lair:1)
  21 skeletal warriors
  4 unseen horrors
  A fire crab (D:14)
  2 spriggan druids
  A death drake (shapeshifter) (Vaults:3)
  3 deep trolls (Vaults:3)
  4 flayed ghosts
  2 goliath frogs
  A glowing orange brain (Vaults:3)
  A wizard (Lair:6)
  4 bog bodies
  2 deep elf archers
  2 swamp dragons
  4 orc knights
  A lindwurm (Lair:6)
  3 phantasmal warriors
  3 ironbrand convokers (Desolation)
  A harpy (shapeshifter) (D:14)
  A necromancer (D:15)
  8 deep elf magi
  2 ugly things
  9 cyclopes
  13 orb spiders
  7 orc sorcerers
  A will-o-the-wisp (Swamp:1)
  32 wolf spiders
  2 manticores
  An oklob plant (D:6)
  7 elephants
  A moth of wrath (Spider:4)
  2 centaur zombies
  8 vault sentinels
  A guardian serpent (Desolation)
  Psyche (D:12)
  An ice statue (IceCv)
  9 black mambas
  A cane toad (shapeshifter) (Vaults:1)
  A smoke demon (Lair:6)
  3 gargoyles
  An orange demon (Lair:6)
  Maggie (D:6)
  17 cane toads
  6 ice devils
  A kobold demonologist (D:10)
  9 komodo dragons
  6 rime drakes
  19 yaktaurs
  A guardian mummy (D:15)
  2 anaconda simulacra (IceCv)
  7 demonic crawlers
  A golden dragon simulacrum (IceCv)
  8 freezing wraiths
  A polar bear (shapeshifter) (Vaults:2)
  A tengu conjurer (D:13)
  4 tyrant leeches
  2 red devils (Lair:6)
  24 jumping spiders
  5 polar bears
  21 hornets
  10 trolls
  A queen bee (shapeshifter) (D:14)
  A wind drake (shapeshifter) (Vaults:2)
  A meliai zombie (D:15)
  21 saltlings
  11 blink frogs
  A fire dragon zombie (D:15)
  17 slime creatures
  An ice dragon zombie (D:15)
  A harpy skeleton (D:15)
  An ettin zombie (D:15)
  A human simulacrum (Vaults:2)
  4 dream sheep (Lair:6)
  56 redbacks
  3 shadows
  A human (D:14)
  60 yaks
  17 tarantellas
  2 wraiths
  6 wyverns
  3 basilisks
  A steam dragon (Lair:5)
  8 wargs
  7 harpy simulacra (IceCv)
  12 vampire mosquitoes
  15 swamp worms
  A tengu zombie (D:15)
  2 hydra simulacra (IceCv)
  An iron troll simulacrum (IceCv)
  2 soldier ants (D:12)
  15 water moccasins
  5 hell hounds (Lair:6)
  6 acid dragons
  36 orc warriors
  4 sky beasts
  4 black bears
  A necrophage (D:11)
  2 ettin simulacra (IceCv)
  A hornet zombie (D:14)
  4 ice beasts
  2 phantoms
  11 wolves (Lair:6)
  An ogre (shapeshifter) (Vaults:1)
  23 ogres
  26 centaurs
  10 boggarts
  5 big kobolds
  32 bullfrogs
  3 gnoll sergeants
  A deep troll simulacrum (Vaults:2)
  6 scorpions
  30 wights
  2 electric eels
  7 howler monkeys
  3 draconian simulacra (IceCv)
  A quasit (D:10)
  4 bullfrog zombies
  3 jellies
  23 orc priests
  A bullfrog skeleton (D:2)
  2 hounds
  29 orc wizards
  5 iguanas
  13 worker ants
  9 hell rats
  2 polar bear simulacra (IceCv)
  3 troll simulacra (IceCv)
  A spriggan simulacrum (IceCv)
  2 wolf simulacra (IceCv)
  A centaur simulacrum (IceCv)
  A hound zombie (D:10)
  A hound skeleton (D:9)
  A howler monkey zombie (D:7)
  A howler monkey skeleton (D:8)
  2 worker ant zombies
  9 gnolls
  4 naga simulacra (IceCv)
  13 adders
  4 ogre simulacra
  23 river rats
  A shadow imp (D:7)
  8 white imps
  13 ufetubi
  An ooze (Sewer)
  4 worms
  2 dart slugs (D:1)
  10 leopard geckos
  105 orcs
  10 bats
  9 giant cockroaches
  10 hobgoblins
  13 jackals
  31 kobolds
  2 quokkas
  5 ball pythons
  5 frilled lizards
  8 goblins
  A quokka zombie (D:5)
  26 rats
1420 creatures vanquished.

Vanquished Creatures (others)
  A wizard (Vaults:1)
  A jumping spider (Spider:4)
  3 bloated husks
  A saltling (Desolation)
  2 briar patches (Swamp:1)
  2 bushes (D:10)
  23 fungi
  75 plants
  14 withered plants
122 creatures vanquished.

Grand Total: 1542 creatures vanquished

Notes
Turn   | Place    | Note
-------+----------+-------------------------------------------
     0 | D:1      | nikku the Hill Orc Fighter began the quest for the Orb.
     0 | D:1      | Reached XP level 1. HP: 19/19 MP: 1/1
    67 | D:1      | Reached XP level 2. HP: 27/27 MP: 2/2
   453 | D:1      | Reached skill level 4 in Fighting
   517 | D:1      | Reached XP level 3. HP: 31/33 MP: 3/3
  1538 | D:2      | Reached XP level 4. HP: 38/40 MP: 4/4
  2000 | D:2      | Reached XP level 5. HP: 45/47 MP: 5/5
  2738 | D:3      | Found a glowing drain.
  2743 | Sewer    | Entered a sewer
  2874 | Sewer    | Reached skill level 5 in Fighting
  2996 | Sewer    | Reached XP level 6. HP: 56/56 MP: 6/6
  3070 | Sewer    | Reached skill level 5 in Axes
  3212 | Sewer    | Reached skill level 5 in Shields
  3362 | Sewer    | Reached skill level 5 in Armour
  3365 | Sewer    | Reached XP level 7. HP: 51/62 MP: 7/7
  4142 | D:4      | Reached skill level 6 in Fighting
  4465 | D:4      | Found a staircase to the Ecumenical Temple.
  4485 | Temple   | Entered the Ecumenical Temple
  4739 | Temple   | Became a worshipper of Qazlal Stormbringer
  5256 | D:5      | Entered Level 5 of the Dungeon
  5488 | D:5      | Reached XP level 8. HP: 59/71 MP: 8/8
  6027 | D:5      | Reached skill level 7 in Fighting
  6048 | D:5      | You fall into a shaft and drop 3 floors!
  6086 | D:8      | Reached * piety under Qazlal
  6232 | D:8      | Reached XP level 9. HP: 79/79 MP: 9/9
  6239 | D:8      | Found a shimmering blue altar of Sif Muna.
  6611 | D:6      | Reached skill level 8 in Fighting
  6795 | D:6      | Noticed Maggie
  6796 | D:6      | Identified the Grimoire of Cloudy Ignition
  6798 | D:6      | Got a fading chain mail
  6813 | D:6      | Killed Maggie
  6825 | D:5      | Identified the cursed +0 chain mail "Ruuzxugh" {+Fly} (You
                  | found it on level 6 of the Dungeon)
  7366 | D:6      | Found a burning altar of Makhleb.
  7366 | D:6      | Noticed an oklob plant
  7376 | D:6      | Killed an oklob plant
  7536 | D:6      | Reached ** piety under Qazlal
  7629 | D:7      | Reached skill level 9 in Fighting
  7768 | D:7      | Reached XP level 10. HP: 91/91 MP: 10/10
  8488 | D:8      | Reached skill level 10 in Axes
  8522 | D:8      | Found Sagroen's Armour Boutique.
  8682 | D:8      | Killed an unseen horror
  9263 | D:9      | Reached skill level 10 in Fighting
  9280 | D:9      | Noticed Gastronok
  9281 | D:9      | Reached *** piety under Qazlal
  9303 | D:9      | Killed Gastronok
  9304 | D:9      | Reached XP level 11. HP: 56/101 MP: 11/11
  9842 | D:10     | Entered Level 10 of the Dungeon
  9902 | D:10     | Reached skill level 10 in Shields
  9926 | D:10     | Reached skill level 10 in Armour
 10014 | D:10     | Reached **** piety under Qazlal
 10085 | D:10     | Found a staircase to the Orcish Mines.
 10160 | D:10     | Found a staircase to the Lair.
 10176 | D:10     | Noticed an unseen horror
 10177 | D:10     | Reached skill level 11 in Fighting
 10186 | D:10     | Killed an unseen horror
 10250 | D:10     | Found a bloodstained altar of Trog.
 10250 | D:10     | Noticed a skeletal warrior
 10269 | D:10     | Killed a skeletal warrior
 10455 | D:10     | Noticed a skeletal warrior
 10458 | D:10     | Noticed a skeletal warrior
 10459 | D:10     | Noticed a skeletal warrior
 10461 | D:10     | Killed a skeletal warrior
 10462 | D:10     | Noticed a skeletal warrior
 10465 | D:10     | Killed a skeletal warrior
 10469 | D:10     | Killed a skeletal warrior
 10476 | D:10     | Killed a skeletal warrior
 10940 | Lair:1   | Entered Level 1 of the Lair of Beasts
 10947 | Lair:1   | Reached XP level 12. HP: 98/111 MP: 12/12
 11050 | Lair:1   | Noticed Sonja
 11075 | Lair:1   | Killed Sonja
 11076 | Lair:1   | Reached skill level 12 in Fighting
 11794 | Lair:2   | Reached ***** piety under Qazlal
 11931 | Lair:2   | Noticed Dracia's ghost (journeyman GnDe)
 12065 | Lair:2   | Noticed a four-headed hydra
 12168 | Lair:2   | Found a runed translucent gate.
 12168 | Lair:2   | Found a runed translucent gate.
 12168 | Lair:2   | Found a runed translucent gate.
 12278 | Lair:2   | Noticed an ice dragon
 12288 | Lair:2   | Killed an ice dragon
 12933 | Lair:2   | Killed a one-headed hydra
 12952 | Lair:2   | Killed Dracia's ghost
 12953 | Lair:2   | Reached skill level 13 in Fighting
 12953 | Lair:2   | Reached XP level 13. HP: 104/122 MP: 13/13
 12965 | Lair:2   | Identified Sif Muna's Collected Works on Necromancy
 13347 | Lair:3   | Found the ring of the Hare {EV+8}
 13753 | Lair:3   | Found a runed translucent gate.
 13784 | Lair:3   | Found a runed translucent gate.
 13785 | Lair:3   | Found a runed translucent gate.
 13786 | Lair:3   | Noticed Jaiteiro's ghost (journeyman MiFi)
 13808 | Lair:3   | Reached skill level 1 in Invocations
 13848 | Lair:3   | Killed Jaiteiro's ghost
 14891 | Lair:4   | Found a staircase to the Swamp.
 15016 | Lair:4   | Found a hole to the Spider Nest.
 15370 | Lair:5   | Reached ****** piety under Qazlal
 15613 | Lair:5   | Reached skill level 14 in Fighting
 15613 | Lair:5   | Reached skill level 5 in Invocations
 15860 | Lair:5   | Found a runed translucent door.
 15860 | Lair:5   | Found a viscous altar of Jiyva.
 15860 | Lair:5   | Found a staircase to the Slime Pits.
 15860 | Lair:5   | Noticed an acid blob
 15870 | Lair:5   | Killed an acid blob
 15871 | Lair:5   | Reached XP level 14. HP: 72/132 MP: 16/18
 15880 | Lair:5   | Reached skill level 15 in Axes
 16256 | Lair:6   | Entered Level 6 of the Lair of Beasts
 16820 | Lair:6   | Found a burning altar of Makhleb.
 17618 | Lair:6   | Found a gateway to Hell.
 17853 | Orc:1    | Entered Level 1 of the Orcish Mines
 18311 | Orc:2    | Entered Level 2 of the Orcish Mines
 18771 | Orc:1    | Noticed an orc warlord
 18789 | Orc:1    | Reached XP level 15. HP: 111/139 MP: 21/21
 18790 | Orc:1    | Killed an orc warlord
 19053 | Orc:2    | Found a staircase to the Elven Halls.
 19099 | Orc:2    | Found a roughly hewn altar of Beogh.
 19103 | Orc:2    | Found Ashafinewk's Antique Armour Boutique.
 19156 | Orc:2    | Reached skill level 15 in Fighting
 19170 | Orc:2    | Noticed an orc warlord
 19487 | Orc:2    | Killed an orc warlord
 19760 | Orc:2    | Found a runed translucent door.
 19761 | Orc:2    | Noticed burt's ghost (journeyman DrCj)
 19795 | Orc:2    | Found a roughly hewn altar of Beogh.
 19823 | Orc:2    | Killed burt's ghost
 20048 | Orc:2    | Found a runed translucent door.
 20062 | Orc:2    | Found the +10 tower shield of Ignorance {rN+ Int-4}
 20068 | Orc:2    | Found a runed translucent door.
 20401 | Orc:2    | Found Myilaiz's Antique Weapon Shop.
 20402 | Orc:2    | Found a roughly hewn altar of Beogh.
 20403 | Orc:2    | Found Bocomoask's Antique Armour Boutique.
 20416 | Orc:2    | Bought a sapphire broad axe for 315 gold pieces
 20439 | Orc:2    | Identified the +1 broad axe of Seczaud {vorpal, rPois rC-
                  | Str+3} (You bought it in a shop on level 2 of the Orcish
                  | Mines)
 20447 | Orc:2    | Found a roughly hewn altar of Beogh.
 20448 | Orc:2    | Found Horow's Assorted Antiques.
 20456 | Orc:2    | Bought a scroll of blinking for 247 gold pieces
 20456 | Orc:2    | Bought a scroll of identify for 66 gold pieces
 20456 | Orc:2    | Bought a steaming plate armour for 924 gold pieces
 20456 | Orc:2    | Identified the +10 plate armour of Hurif {rPois rCorr
                  | Str+3} (You bought it in a shop on level 2 of the Orcish
                  | Mines)
 20484 | Orc:2    | Found a roughly hewn altar of Beogh.
 20628 | Orc:2    | Found a roughly hewn altar of Beogh.
 20740 | D:11     | You fall into a shaft and drop 2 floors!
 21089 | D:12     | Noticed Frances
 21101 | D:12     | Killed Frances
 21225 | D:12     | Found Xoablysoe's Weapon Emporium.
 21225 | D:12     | Noticed Psyche
 21228 | D:12     | Killed Psyche
 22286 | D:12     | Reached skill level 10 in Invocations
 22523 | D:12     | Found Inui's Blood Bar.
 22734 | D:13     | Found an iron altar of Okawaru.
 23081 | D:13     | Found a portal to a secret trove of treasure.
 23286 | D:14     | Found a flagged portal.
 23438 | D:14     | Found a huge runed gate.
 23438 | D:14     | Found a huge runed gate.
 23438 | D:14     | Found a huge runed gate.
 23438 | D:14     | Found a huge runed gate.
 23438 | D:14     | Found a huge runed gate.
 23440 | D:14     | Found a huge runed gate.
 23545 | D:14     | Found a huge runed gate.
 23545 | D:14     | Found a huge runed gate.
 23546 | D:14     | Found a huge runed gate.
 23547 | D:14     | Found a huge runed gate.
 23548 | D:14     | Found a huge runed gate.
 23549 | D:14     | Found a huge runed gate.
 23551 | D:14     | Found a huge runed gate.
 23569 | D:14     | Found a huge runed gate.
 23570 | D:14     | Found a huge runed gate.
 23571 | D:14     | Found a huge runed gate.
 23571 | D:14     | Found a huge runed gate.
 23571 | D:14     | Found a huge runed gate.
 23572 | D:14     | Found a huge runed gate.
 23601 | D:14     | Found a huge runed gate.
 23601 | D:14     | Found a huge runed gate.
 23601 | D:14     | Found a huge runed gate.
 23601 | D:14     | Found a huge runed gate.
 23601 | D:14     | Found a huge runed gate.
 23602 | D:14     | Found a huge runed gate.
 23603 | D:14     | Found a huge runed gate.
 23604 | D:14     | Found a huge runed gate.
 23605 | D:14     | Found a huge runed gate.
 23607 | D:14     | Found a huge runed gate.
 23608 | D:14     | Found a huge runed gate.
 23609 | D:14     | Found a huge runed gate.
 23610 | D:14     | Found a huge runed gate.
 23898 | D:14     | Paralysed by an ogre mage for 5 turns
 23905 | D:14     | Reached XP level 16. HP: 137/151 MP: 23/23
 23925 | D:14     | Found a gate to the Vaults.
 24145 | D:14     | Noticed an iron giant
 24145 | D:14     | Noticed a tengu reaver
 24145 | D:14     | Identified the +5 spear of the Sixty-Six Wonders {venom,
                  | SInv Stlth+}
 24145 | D:14     | Noticed a tengu reaver
 24150 | D:14     | Noticed an acid blob
 24150 | D:14     | an iron giant changed into an acid blob
 24154 | D:14     | Killed a tengu reaver
 24155 | D:14     | Reached skill level 16 in Fighting
 24160 | D:14     | Killed an acid blob
 24163 | D:14     | Reached skill level 15 in Armour
 24167 | D:14     | Reached skill level 15 in Shields
 24175 | D:14     | Killed a tengu reaver
 24286 | D:14     | Identified a scroll of acquirement
 24286 | D:14     | Acquired 731 gold pieces
 24311 | D:15     | Entered Level 15 of the Dungeon
 24797 | D:15     | Found a staircase to the Depths.
 24856 | D:15     | Found a flickering gateway to a bazaar.
 24868 | Bazaar   | Entered a bazaar
 25169 | Bazaar   | Found Fusen's Magic Scroll Shoppe.
 25184 | Bazaar   | Found Kogus's Jewellery Shoppe.
 25184 | Bazaar   | Found Meuppeuw's Gadget Emporium.
 25205 | Bazaar   | Found Seloodd's General Store.
 25316 | Bazaar   | Bought the ring "Joitator" {Str+3 Int+4 Dex+6 SInv Stlth-}
                  | for 747 gold pieces
 25316 | Bazaar   | Bought the ring of Ytowk {+Fly rN+ Int+4 Dex-3 Slay+2} for
                  | 352 gold pieces
 25330 | Bazaar   | Bought a scroll of acquirement for 780 gold pieces
 25330 | Bazaar   | Bought a scroll of teleportation for 45 gold pieces
 25330 | Bazaar   | Bought a scroll of teleportation for 45 gold pieces
 25330 | Bazaar   | Bought a scroll of teleportation for 45 gold pieces
 25330 | Bazaar   | Bought a scroll of enchant weapon for 112 gold pieces
 25356 | Bazaar   | Bought a potion of haste for 70 gold pieces
 25360 | Bazaar   | Acquired 543 gold pieces
 25509 | D:15     | Noticed Nessos
 25518 | D:15     | Killed Nessos
 25554 | D:15     | Found a snail-covered altar of Cheibriados.
 25576 | D:15     | Found Cheibriados's Comfort Zone.
 25630 | D:15     | Found an opulent altar of Gozag.
 26310 | Spider:1 | Entered Level 1 of the Spider Nest
 26621 | Spider:1 | Reached XP level 17. HP: 160/160 MP: 26/26
 27206 | Spider:2 | Reached skill level 17 in Fighting
 27666 | Spider:2 | Found a frozen archway.
 27674 | IceCv    | Entered an ice cave
 30071 | Spider:3 | Got a pair of distressingly furry gloves
 30072 | Spider:3 | Identified the cursed +0 pair of gloves of the Monkey's
                  | Uncle {Str+3 Dex+3} (You found it on level 3 of the Spider
                  | Nest)
 30471 | Spider:4 | Entered Level 4 of the Spider Nest
 31302 | Spider:4 | Reached XP level 18. HP: 157/171 MP: 0/28
 31624 | Spider:4 | Reached skill level 18 in Fighting
 31783 | Spider:4 | Got a gossamer rune of Zot
 32158 | Swamp:1  | Entered Level 1 of the Swamp
 32262 | Swamp:1  | Noticed Nikola
 32275 | Swamp:1  | Killed Nikola
 32700 | Swamp:2  | Reached skill level 15 in Invocations
 34123 | Swamp:3  | Found a runed translucent gate.
 34124 | Swamp:3  | Found a runed translucent gate.
 34125 | Swamp:3  | Found a runed translucent gate.
 34125 | Swamp:3  | Noticed Qemahefa's ghost (adept GrFi)
 34125 | Swamp:3  | Noticed Ypsiuj's ghost (adept GnSk)
 34125 | Swamp:3  | Noticed esper6's ghost (journeyman GnNe)
 34126 | Swamp:3  | Got a warped mace
 34130 | Swamp:3  | Noticed Keoguots's ghost (adept GnSk)
 34144 | Swamp:3  | Killed Ypsiuj's ghost
 34168 | Swamp:3  | Killed Keoguots's ghost
 34169 | Swamp:3  | Reached skill level 19 in Fighting
 34171 | Swamp:3  | Killed Qemahefa's ghost
 34174 | Swamp:3  | Killed esper6's ghost
 34221 | Swamp:3  | Identified the +12 mace of Exoneration {freeze, rElec Will+
                  | SInv} (You found it on level 3 of the Swamp)
 34263 | Swamp:3  | Found a shimmering altar of Xom.
 34596 | Vaults:1 | Entered Level 1 of the Vaults
 34639 | Vaults:1 | Reached XP level 19. HP: 183/183 MP: 30/30
 35146 | Vaults:1 | Found a ruined gateway.
 35153 | Desolati | Entered the Desolation of Salt
 35194 | Desolati | Reached skill level 20 in Fighting
 35898 | Vaults:1 | Found Isko Fyw's General Store.
 37521 | Vaults:2 | Reached XP level 20. HP: 195/195 MP: 32/32
 37594 | Vaults:2 | Reached skill level 21 in Fighting
 37909 | Vaults:3 | Reached skill level 1 in Evocations
 38035 | Vaults:3 | Found a staircase to the Crypt.
 39721 | Vaults:4 | Noticed Sojobo
 39736 | Vaults:4 | Killed from afar by Sojobo

Illustrated notes

Levels and vault maps discovered:
D:1:      dpeg_arrival_long_road, layout_loops_ring, serial_co_window_serial,
          co_window_paths_b, co_window_corner_a, co_window_paths_a,
          co_window_of_opportunity_a, co_window_paths_a, co_window_paths_a,
          co_window_broadway_a, co_window_of_opportunity_c, co_window_corner_cb,
          co_window_of_opportunity_b, glass_columns_c, glass_columns_b
D:2:      layout_loops_ring
D:3:      layout_loops_cross, lightli_sewer_entry_pipes
D:4:      layout_basic, minmay_temple_entry_gardened_gates, minmay_box_of_dots
D:5:      layout_basic
D:6:      layout_rooms, minmay_holes, chequers_serial_rivers_micro_a,
          lemuel_oklob_altar, uniq_maggie
D:7:      layout_rooms
D:8:      layout_loops_corners, led_sif_pool, serial_shops, shop
D:9:      layout_rooms, uniq_gastronok
D:10:     layout_small_grid, david_lair_shrubbed, david_orc_3,
          trog_ov_bears_minmay
D:11:     layout_grid_maze, minivault_21
D:12:     layout_long_grid, serial_shops, shop_statue, guppyfry_shop_blood,
          uniq_psyche, uniq_frances
D:13:     layout_roguey, nicolae_trove_entry_crystal, basic_altar
D:14:     layout_long_grid, grunt_vaults_entry_fortified, enter_bailey_8,
          minmay_stone_trees_medium, door_vault
D:15:     gammafunk_depths_entry_grave, layout_basic, serial_shops,
          bzr_entry_customers, nicolae_gozag_seed_capital, minmay_shop_chei,
          grunt_ministairs_4, uniq_nessos
Temple:   nicolae_temple_the_god_donut
Lair:1:   layout_loops_ring, infiniplex_staircase_pool, grunt_megastairs_3,
          uniq_sonja
Lair:2:   dragon1_lemuel, layout_chaotic_city, gammafunk_ghost_split,
          hangedman_lair_unloving_vines
Lair:3:   layout_cave_pods, gammafunk_ghost_split, kennysheep_rathole,
          lemuel_fruit_tree
Lair:4:   layout_small_grid, nicolae_swamp_entry_splash_gauntlet,
          spider_nest_entry_funnel_web
Lair:5:   layout_hall_layers, slime_altar_2, serial_bayou_shore_a
Lair:6:   evil_forest, layout_gridlike
Swamp:1:  layout_basic_swamp, evilmike_swamp_ruin_house_4, uniq_nikola
Swamp:2:  cheibrodos_swamp_heart_of_darkness, layout_basic_swamp,
          nicolae_swamp_triple_paths, swamp_pool3
Swamp:3:  layout_falls_marsh, gammafunk_ghost_cemetery, nicolae_swamp_godswood
Spider:1: layout_spider_delve, drop_trap
Spider:2: layout_chambers, portal_ice_cave_entry_pillars_1
Spider:3: layout_chambers, nicolae_spider_stair_cavern
Spider:4: grunt_spider_rune_parallel, drop_trap
Orc:1:    layout_caves
Orc:2:    grunt_orc_community_town_hall, layout_diamond_mine,
          grunt_orc_community_big_house_2, grunt_orc_community_big_house_1,
          grunt_orc_community_house_3, grunt_orc_community_house_3,
          grunt_orc_community_house_3, grunt_orc_community_house_1,
          ebering_ghost_inner_flame, chequers_guarded_unrand_ignorance
Vaults:1: v_misc_2, grunt_vaults_hallway_short, ontoclasm_vaults_hangar,
          v_misc_33, vaults_room_door_hall, nicolae_vaults_octagons,
          hangedman_vaults_restitches, vaults_dpeg_ring, ontoclasm_vaults_fault,
          vaults_room_grid, vaults_room_hallway, v_misc_29, layout_vaults_ring,
          serial_shops, shop, portal_desolation_entry_ruin
Vaults:2: hangedman_vaults_trim, hangedman_vaults_cutoff, v_rooms_6,
          vaults_room_hallway, hangedman_vaults_nails, nicolae_vaults_murderbox,
          ontoclasm_vaults_loading_screen, v_misc_19, vaults_room_grid,
          nicolae_vaults_specimen_jars, ontoclasm_vaults_shuriken,
          ontoclasm_vaults_twist, layout_vaults_omnicross
Vaults:3: nicolae_vaults_little_squares_3, ontoclasm_vaults_loading_screen,
          vaults_dpeg_doors, st_more_cells, nicolae_vaults_little_squares_1,
          layout_vaults_omnigrid, minmay_crypt_entry_simple_box
Vaults:4: st_greater_box_2, ontoclasm_vaults_eye, nicolae_vaults_shelves_hall,
          nicolae_vaults_big_angled_halls, vaults_room_boxed,
          ontoclasm_vaults_decontamination, grunt_vaults_hallway_long,
          nicolae_vaults_mini_display_case, nicolae_vaults_shelves_hall,
          layout_vaults_omnibox, uniq_sojobo

Skill      XL: |  1  2  3  4  5  6  7  8  9 10 11 12 13 14 15 16 17 18 19 20 |
---------------+-------------------------------------------------------------+-----
Axes           | 3 4 5 6 7 9 11 12 13 14 15 16 17 19 20 | 20.0
Fighting       | 4 5 6 7 9 10 11 13 14 15 16 17 19 20 21 | 21.4
Shields        | 4 5 6 8 9 10 12 13 14 15 16 17 | 17.0
Armour         | 4 5 6 8 9 10 12 13 14 15 16 | 16.5
Invocations    | 5 8 10 12 14 15 17 | 17.7
Evocations     | 3 |  3.1

Action                   |  1- 3 |  4- 6 |  7- 9 | 10-12 | 13-15 | 16-18 | 19-21 || total
-------------------------+-------+-------+-------+-------+-------+-------+-------++-------
Melee: War axe           |   110 |   193 |   373 |       |       |       |       ||   676
       Broad axe         |       |       |    27 |   379 |   914 |   962 |   448 ||  2730
Invok: Upheaval          |       |       |       |       |     1 |     2 |     1 ||     4
       Disaster Area     |       |       |       |       |       |       |     4 ||     4
Evoke: Tin of tremorston |       |       |       |       |       |       |     2 ||     2
  Use: Scroll            |     3 |     4 |    12 |     9 |    21 |    20 |     3 ||    72
       Potion            |       |       |     1 |     8 |     4 |     7 |     6 ||    26
 Stab: Petrified         |       |       |       |       |       |     8 |       ||     8
       Held in net/web   |       |       |       |       |       |     1 |       ||     1
Armor: Scale mail        |    64 |     9 |       |       |       |       |       ||    73
       Chain mail        |       |   115 |    53 |       |       |       |       ||   168
       Plate armour      |       |       |   128 |   162 |   256 |   358 |    80 ||   984
Dodge: Dodged            |    43 |    52 |    73 |    46 |   126 |   143 |    29 ||   512
       Repelled          |       |       |       |       |     4 |     4 |     1 ||     9
Block: Kite shield       |    53 |   126 |   234 |   317 |   959 |  1066 |       ||  2755
       Reflection        |       |       |       |       |    62 |    34 |    67 ||   163
       Tower shield      |       |       |       |       |       |   158 |   472 ||   630
